 Dungeon Sprint DCSS version 0.17-a0-1646-geb1493d (webtiles) character file.

18515 Kidiri the Unseen (level 12, -12/51 HPs)
             Began as a Spriggan Enchanter on Aug 11, 2015.
             Was the Champion of Dithmenos.
             Killed from afar by Xtahua (63 damage)
             ... with a searing blast
             ... in the Dungeon (Sprint III: "The Ten Rune Challenge").
             The game lasted 00:17:22 (3040 turns).

Kidiri the Unseen (Spriggan Enchanter)              Turns: 3040, Time: 00:17:22

Health: -12/51     AC:  5    Str:  4    XL:     12   Next: 28%
Magic:  20/33      EV: 35    Int: 19    God:    Dithmenos [******]
Gold:   48         SH:  2    Dex: 19    Spells: 10 memorised, 11 levels left

rFire  . . .     SeeInvis +     m - +3 dagger
rCold  + . .     Clarity  .     b - +1 robe
rNeg   . . .     SustAt   .     (shield restricted)
rPois  .         Gourm    .     (helmet restricted)
rElec  .         Spirit   .     l - +0 cloak
rCorr  .         Warding  .     (gloves unavailable)
rMut   .         NoTele   +     (boots unavailable)
MR     ++...                    (no amulet)
Stlth  ++++++++++               (no ring)
                                (no ring)

@: wreathed by umbra, very quick, very resistant to hostile enchantments,
uncannily stealthy
A: unfitting armour, large bone plates 1, see invisible, cold resistance 1,
deformed body, deterioration 1, herbivore 3, speed 3, mutation resistance 1,
slow metabolism 2, wild magic 1
a: Shadow Step, Shadow Form, Renounce Religion


You were in the Dungeon.
You worshipped Dithmenos.
Dithmenos was exalted by your worship.
You were not hungry.

You visited 1 branch You collected 48 gold pieces.

Inventory:

Hand weapons
 m - a +3 dagger (weapon)
Missiles
 o - 10 throwing nets (quivered)
Armour
 b - a +1 robe (worn)
 l - a +0 cloak (worn)
Scrolls
 j - a scroll of blinking
 k - 5 scrolls of remove curse
 n - a scroll of torment {unknown}
 s - a scroll of holy word {unknown}
Potions
 a - a potion of might
 c - a potion of ambrosia {unknown}
 e - a potion of curing
 g - a potion of haste
 h - 2 potions of magic
 i - 2 potions of berserk rage
 q - a potion of resistance
 r - 2 potions of flight
 u - 2 potions of cure mutation
Comestibles
 d - a bread ration
 p - 27 royal jellies


   Skills:
 + Level 11.1 Short Blades
 * Level 18.6 Dodging
 * Level 20.0 Stealth
 * Level 16.0 Spellcasting
 + Level 7.3 Conjurations
 + Level 12.0 Hexes
 + Level 7.0 Summonings
 + Level 8.1 Ice Magic
 - Level 4.6 Invocations


You had 11 spell levels left.
You knew the following spells:

 Your Spells              Type           Power        Failure   Level  Hunger
a - Corona                Hex            ######.      1%          1    None
b - Ensorcelled Hibernat  Hex/Ice        ######       1%          2    None
c - Confuse               Hex            ######..     1%          3    None
d - Tukima's Dance        Hex            ######..     1%          3    None
e - Dazzling Spray        Conj/Hex       ######..     1%          3    None
f - Summon Butterflies    Summ           ######..     1%          1    None
g - Call Canine Familiar  Summ           ######..     3%          3    None
h - Summon Ice Beast      Ice/Summ       ######..     5%          4    None
i - Summon Mana Viper     Hex/Summ       ######..     5%          5    ###....
j - Summon Hydra          Summ           ######....   99%         7    ######.


Dungeon Overview and Level Annotations

Branches:
Dungeon (1/1)

Altars:
Cheibriados
Dithmenos
Elyvilon
Fedhas
Gozag
Kikubaaqudgha
Makhleb
Nemelex Xobeh
Okawaru
Qazlal
Ru
Sif Muna
Trog
Vehumet
Xom
Yredelemnul
Zin
The Shining One
Jiyva
Lugonu

Shops:
D (:!

Annotations:
D Xtahua


Innate Abilities, Weirdness & Mutations

You are tiny and cannot use many weapons and most armour.
You have supernaturally acute eyesight.
You are a herbivore.
You cover ground extremely quickly.
You need consume almost no food.
You are partially covered in large bone plates (AC +2, SH +2).
Your flesh is cold resistant.
Armour fits poorly on your strangely shaped body.
Your body sometimes deteriorates upon taking damage.
You are somewhat resistant to further mutation.
Your spells are a little harder to cast, but a little more powerful.


Message History

Xtahua is lightly wounded.
The fire dragon is engulfed in roaring flames.
Xtahua is engulfed in roaring flames.
Unknown command.
Casting: Dazzling Spray
Confirm with . or Enter, or press ? or * to list all spells.
Aiming: Dazzling Spray
Press: ? - help, Shift-Dir - straight line, f/p - fire dragon
Aim: a fire dragon (lightly wounded, umbra)
The spray of energy hits the fire dragon.
The fire dragon is lightly wounded.
The fire dragon is dazzled.
The spray of energy hits Xtahua.
Xtahua is lightly wounded.
Your shadow mimicks your spell!
The shadow shard hits the fire dragon.
The fire dragon is engulfed in roaring flames.
Xtahua breathes flames at you. The searing blast hits you!
Ouch! That really hurt!
You die...

#♣§♣ ♣.♣♣
♣♣≈♣ ♣.♣♣
♣.♣♣ ♣≈.♣
♣♣.♣♣ ♣♣.♣
♣.@♣
♣....§D§§§.
♣.....§§§§.
♣.♣≈≈≈§D§.≈
♣♣♣♣♣♣♣♣∩∩∩
♣♣


You could see Xtahua and a fire dragon (blind).

Vanquished Creatures
  Sigmund (D)
  Rupert (D)
  Maud (D)
  Erolcha (D)
  3 death yaks (D)
  A lindwurm (D)
  2 black mambas (D)
  Edmund (D)
  A komodo dragon (D)
  2 spiny frogs (D)
  3 wandering mushrooms (D)
  A fire drake (D)
  A deep elf priest (D)
  8 blink frogs (D)
  A queen bee (D)
  2 trapdoor spiders (D)
  4 redbacks (D)
  A shadow (D)
  2 hill giants (D)
  A spatial vortex (D)
  A swamp drake (D)
  A necrophage (D)
  2 brain worms (D)
  3 two-headed ogres (D)
  A water elemental (D)
  32 killer bees (D)
  A jelly (D)
  Crazy Yiuf (D)
  A wizard (D)
  Jessica (D)
  A necromancer (D)
  3 humans (D)
  A kobold demonologist (D)
  2 oozes (D)
  A rat (D)
90 creatures vanquished.

Vanquished Creatures (collateral kills)
  A death yak (D)
1 creature vanquished.

Vanquished Creatures (others)
  2 draconian scorchers (D)
  A hydra (D)
  2 yaktaurs (D)
  2 fire drakes (D)
  14 plants (D)
21 creatures vanquished.

Grand Total: 112 creatures vanquished

Notes
Turn   | Place    | Note
--------------------------------------------------------------
     0 | D        | Kidiri the Spriggan Enchanter began the quest for the Orb.
     0 | D        | Reached XP level 1. HP: 9/9 MP: 5/5
     9 | D        | Reached skill level 5 in Stealth
    19 | D        | Reached XP level 2. HP: 13/13 MP: 5/7
    23 | D        | Learned a level 2 spell: Ensorcelled Hibernation
   109 | D        | Killed a yaktaur
   136 | D        | Killed a fire drake
   151 | D        | Killed a fire drake
   152 | D        | Noticed Jessica
   167 | D        | Killed Jessica
   167 | D        | Reached skill level 5 in Dodging
   167 | D        | Reached skill level 6 in Stealth
   167 | D        | Reached XP level 3. HP: 16/16 MP: 6/10
   173 | D        | Learned a level 3 spell: Confuse
   177 | D        | Learned a level 3 spell: Tukima's Dance
   180 | D        | Killed a white draconian scorcher
   205 | D        | Killed a white draconian scorcher
   320 | D        | Noticed Crazy Yiuf
   323 | D        | Killed Crazy Yiuf
   323 | D        | Reached skill level 7 in Stealth
   323 | D        | Reached skill level 5 in Spellcasting
   323 | D        | Reached skill level 1 in Ice Magic
   327 | D        | Reached XP level 4. HP: 21/21 MP: 9/12
   332 | D        | Learned a level 3 spell: Dazzling Spray
   369 | D        | Gained mutation: Armour fits poorly on your strangely shaped body. [potion of mutation]
   369 | D        | Gained mutation: Your spells are a little harder to cast, but a little more powerful. [potion of mutation]
   369 | D        | Gained mutation: You are partially covered in large bone plates (AC +2, SH +2). [potion of mutation]
   370 | D        | Gained mutation: Your body sometimes deteriorates upon taking damage. [potion of mutation]
   370 | D        | Gained mutation: You are somewhat resistant to further mutation. [potion of mutation]
   370 | D        | Gained mutation: Your flesh is cold resistant. [potion of mutation]
   373 | D        | Killed a six-headed hydra
   376 | D        | Noticed a water elemental
   379 | D        | Killed a water elemental
   379 | D        | Reached skill level 8 in Stealth
   379 | D        | Reached skill level 1 in Conjurations
   379 | D        | Reached skill level 5 in Hexes
   379 | D        | Reached XP level 5. HP: 24/24 MP: 12/14
   388 | D        | Noticed a jelly
   389 | D        | Noticed a shadow
   391 | D        | Killed a shadow
   391 | D        | Reached skill level 9 in Dodging
   391 | D        | Reached skill level 10 in Stealth
   391 | D        | Reached XP level 6. HP: 28/28 MP: 14/17
   397 | D        | Killed a jelly
   513 | D        | Found a stormy altar of Qazlal.
   514 | D        | Found a sacrificial altar of Ru.
   514 | D        | Found a burning altar of Makhleb.
   514 | D        | Found a viscous altar of Jiyva.
   514 | D        | Found a shimmering altar of Xom.
   514 | D        | Found a shadowy altar of Dithmenos.
   514 | D        | Found a sparkling altar of Nemelex Xobeh.
   514 | D        | Found a corrupted altar of Lugonu.
   514 | D        | Found an opulent altar of Gozag.
   514 | D        | Noticed a spatial vortex
   518 | D        | Became a worshipper of Dithmenos the Shadowed
   652 | D        | Killed a spatial vortex
   652 | D        | Reached skill level 5 in Short Blades
   652 | D        | Reached skill level 1 in Invocations
   886 | D        | Found a radiant altar of Vehumet.
   887 | D        | Found a deep blue altar of Sif Muna.
   887 | D        | Found an ancient bone altar of Kikubaaqudgha.
   887 | D        | Noticed a wizard
   888 | D        | Killed a wizard
   888 | D        | Reached skill level 10 in Dodging
   888 | D        | Reached skill level 11 in Stealth
   903 | D        | Learned a level 1 spell: Summon Butterflies
   907 | D        | Learned a level 3 spell: Call Canine Familiar
   912 | D        | Learned a level 4 spell: Summon Ice Beast
  1022 | D        | Found a glowing silver altar of Zin.
  1023 | D        | Found a glowing golden altar of the Shining One.
  1023 | D        | Found a white marble altar of Elyvilon.
  1023 | D        | Noticed a deep elf priest
  1025 | D        | Killed a deep elf priest
  1025 | D        | Reached XP level 7. HP: 32/32 MP: 18/20
  1035 | D        | Found an iron altar of Okawaru.
  1036 | D        | Found a bloodstained altar of Trog.
  1036 | D        | Noticed a human
  1036 | D        | Noticed a human
  1038 | D        | Killed a human
  1038 | D        | Reached skill level 12 in Stealth
  1039 | D        | Killed a human
  1098 | D        | Found a basalt altar of Yredelemnul.
  1098 | D        | Found a snail-covered altar of Cheibriados.
  1098 | D        | Found a blossoming altar of Fedhas.
  1098 | D        | Noticed a necrophage
  1098 | D        | Noticed a necromancer
  1102 | D        | Killed a necromancer
  1102 | D        | Acquired Dithmenos's first power
  1112 | D        | Killed a necrophage
  1112 | D        | Reached XP level 8. HP: 29/36 MP: 13/22
  1172 | D        | Learned a level 5 spell: Summon Mana Viper
  1182 | D        | Noticed a two-headed ogre
  1182 | D        | Noticed a two-headed ogre
  1186 | D        | Killed a two-headed ogre
  1188 | D        | Killed a two-headed ogre
  1188 | D        | Reached skill level 10 in Spellcasting
  1191 | D        | Noticed a two-headed ogre
  1192 | D        | Killed a two-headed ogre
  1192 | D        | Acquired Dithmenos's second power
  1192 | D        | Reached skill level 13 in Stealth
  1298 | D        | Noticed a hill giant
  1301 | D        | Killed a hill giant
  1301 | D        | Reached skill level 1 in Summonings
  1307 | D        | Noticed a hill giant
  1307 | D        | Noticed Erolcha
  1312 | D        | Killed a hill giant
  1314 | D        | Killed Erolcha
  1314 | D        | Reached skill level 14 in Stealth
  1314 | D        | Reached XP level 9. HP: 29/39 MP: 19/25
  1415 | D        | Noticed a redback
  1418 | D        | Noticed a trapdoor spider
  1424 | D        | Killed a trapdoor spider
  1424 | D        | Reached skill level 5 in Ice Magic
  1426 | D        | Killed a redback
  1463 | D        | Noticed a trapdoor spider
  1466 | D        | Killed a trapdoor spider
  1466 | D        | Acquired Dithmenos's third power
  1617 | D        | Noticed a killer bee
  1617 | D        | Noticed a killer bee
  1617 | D        | Noticed a killer bee
  1618 | D        | Noticed a killer bee
  1618 | D        | Noticed a killer bee
  1618 | D        | Noticed a killer bee
  1618 | D        | Noticed a killer bee
  1618 | D        | Noticed a killer bee
  1618 | D        | Noticed a killer bee
  1618 | D        | Noticed a killer bee
  1618 | D        | Noticed a killer bee
  1618 | D        | Noticed a killer bee
  1618 | D        | Noticed a killer bee
  1618 | D        | Noticed a killer bee
  1618 | D        | Noticed a killer bee
  1618 | D        | Noticed a killer bee
  1618 | D        | Noticed a killer bee
  1618 | D        | Noticed a killer bee
  1618 | D        | Noticed a killer bee
  1618 | D        | Noticed a killer bee
  1618 | D        | Noticed a queen bee
  1618 | D        | Noticed a killer bee
  1618 | D        | Noticed a killer bee
  1618 | D        | Noticed a killer bee
  1618 | D        | Noticed a killer bee
  1618 | D        | Noticed a killer bee
  1618 | D        | Noticed a killer bee
  1618 | D        | Noticed a killer bee
  1618 | D        | Noticed a killer bee
  1618 | D        | Noticed a killer bee
  1618 | D        | Noticed a killer bee
  1618 | D        | Noticed a killer bee
  1618 | D        | Noticed a killer bee
  1619 | D        | Killed a killer bee
  1620 | D        | Killed a killer bee
  1625 | D        | Killed a killer bee
  1627 | D        | Killed a killer bee
  1631 | D        | Killed a killer bee
  1633 | D        | Killed a killer bee
  1635 | D        | Killed a killer bee
  1635 | D        | Acquired Dithmenos's fourth power
  1637 | D        | Killed a killer bee
  1641 | D        | Killed a killer bee
  1643 | D        | Killed a killer bee
  1784 | D        | Killed a killer bee
  1784 | D        | Reached skill level 15 in Stealth
  1788 | D        | Killed a killer bee
  1790 | D        | Killed a killer bee
  1793 | D        | Killed a killer bee
  1795 | D        | Killed a killer bee
  1797 | D        | Killed a killer bee
  1799 | D        | Killed a killer bee
  1801 | D        | Killed a killer bee
  1803 | D        | Killed a killer bee
  1805 | D        | Killed a killer bee
  1938 | D        | Killed a killer bee
  1941 | D        | Killed a killer bee
  1943 | D        | Killed a killer bee
  1946 | D        | Killed a killer bee
  1949 | D        | Killed a killer bee
  1951 | D        | Killed a killer bee
  1953 | D        | Killed a killer bee
  1955 | D        | Killed a killer bee
  1955 | D        | Reached XP level 10. HP: 44/44 MP: 4/27
  1957 | D        | Killed a killer bee
  2098 | D        | Killed a killer bee
  2100 | D        | Killed a killer bee
  2104 | D        | Killed a killer bee
  2108 | D        | Killed a queen bee
  2224 | D        | Noticed Sigmund
  2224 | D        | Noticed Edmund
  2226 | D        | Killed Sigmund
  2226 | D        | Reached skill level 15 in Dodging
  2226 | D        | Reached skill level 17 in Stealth
  2226 | D        | Reached skill level 5 in Conjurations
  2226 | D        | Reached skill level 10 in Hexes
  2226 | D        | Reached skill level 5 in Summonings
  2229 | D        | Killed Edmund
  2229 | D        | Reached XP level 11. HP: 47/47 MP: 20/29
  2285 | D        | Learned a level 7 spell: Summon Hydra
  2285 | D        | Noticed a wandering mushroom
  2286 | D        | Noticed a wandering mushroom
  2286 | D        | Noticed a wandering mushroom
  2287 | D        | Killed a wandering mushroom
  2289 | D        | Killed a wandering mushroom
  2290 | D        | Killed a wandering mushroom
  2331 | D        | Noticed a spiny frog
  2331 | D        | Noticed a komodo dragon
  2331 | D        | Noticed a spiny frog
  2334 | D        | Killed a komodo dragon
  2336 | D        | Killed a spiny frog
  2337 | D        | Killed a spiny frog
  2342 | D        | Noticed a redback
  2344 | D        | Killed a redback
  2345 | D        | Noticed a brain worm
  2349 | D        | Killed a brain worm
  2353 | D        | Noticed a brain worm
  2356 | D        | Killed a brain worm
  2359 | D        | Noticed a lindwurm
  2361 | D        | Noticed a redback
  2362 | D        | Killed a lindwurm
  2362 | D        | Reached skill level 18 in Stealth
  2364 | D        | Killed a redback
  2369 | D        | Noticed a redback
  2370 | D        | Killed a redback
  2370 | D        | Reached skill level 10 in Short Blades
  2371 | D        | Noticed Maud
  2374 | D        | Killed Maud
  2406 | D        | Noticed a swamp drake
  2406 | D        | Noticed a fire drake
  2407 | D        | Killed a fire drake
  2409 | D        | Killed a swamp drake
  2416 | D        | Noticed a blink frog
  2416 | D        | Noticed a blink frog
  2417 | D        | Noticed a blink frog
  2417 | D        | Noticed a blink frog
  2417 | D        | Noticed a blink frog
  2418 | D        | Killed a blink frog
  2420 | D        | Killed a blink frog
  2425 | D        | Killed a blink frog
  2427 | D        | Killed a blink frog
  2427 | D        | Reached skill level 15 in Spellcasting
  2435 | D        | Killed a blink frog
  2541 | D        | Noticed Rupert
  2543 | D        | Killed Rupert
  2543 | D        | Reached skill level 19 in Stealth
  2565 | D        | Noticed a death yak
  2566 | D        | Noticed a death yak
  2566 | D        | Noticed a blink frog
  2566 | D        | Noticed an azure jelly
  2566 | D        | Noticed a death yak
  2566 | D        | Noticed an azure jelly
  2566 | D        | Noticed a blink frog
  2566 | D        | Noticed a death yak
  2572 | D        | Killed a death yak
  2572 | D        | Reached XP level 12. HP: 39/51 MP: 22/32
  2575 | D        | Noticed a blink frog
  2717 | D        | Noticed a black mamba
  2718 | D        | Noticed a black mamba
  2720 | D        | Killed a blink frog
  2729 | D        | Killed a death yak
  2731 | D        | Killed a black mamba
  2734 | D        | Killed a black mamba
  2740 | D        | Killed a death yak
  2757 | D        | Killed a blink frog
  2759 | D        | Killed a blink frog
  2767 | D        | Killed a yaktaur
  3017 | D        | Killed a death yak
  3017 | D        | Reached skill level 20 in Stealth
  3038 | D        | Found Arull's Antique Weapon Shoppe.
  3038 | D        | Found Vuidum Posu's Book Boutique.
  3038 | D        | Found Nighu's Distillery.
  3038 | D        | Noticed Xtahua
  3038 | D        | Noticed a fire dragon
  3040 | D        | Killed from afar by Xtahua

Vault maps used:
D:        dungeon_sprint_mu

Action                   |  1- 3 |  4- 6 |  7- 9 | 10-12 || total
-------------------------+-------+-------+-------+-------++-------
Melee: Dagger            |    15 |    12 |    50 |    46 ||   123
 Cast: Ensorcelled Hiber |     2 |     2 |    38 |    16 ||    58
       Dazzling Spray    |       |     9 |     3 |    21 ||    33
       Confuse           |       |       |     1 |       ||     1
       Summon Mana Viper |       |       |       |     1 ||     1
Invok: Shadow Step       |       |       |     3 |     9 ||    12
  Use: Scroll            |       |     4 |       |       ||     4
       Potion            |       |     3 |       |       ||     3
 Stab: Sleeping          |     5 |     6 |    39 |    31 ||    81
       Invisible         |       |       |       |     6 ||     6
  Eat: Fruit             |       |       |       |     1 ||     1
